Map: Port Aleksander EC

Players

Sorandom - Winner!

  • Race: Zerg Zerg
  • League: Diamond
  • Spawn Location: 5:00

Xeno

  • Race: Protoss Protoss
  • League: Diamond
  • Spawn Location: 11:00

VOD

Have the link to the VOD?

Description

Time

  • Played on: April 4, 2019, 8:21 a.m.
  • Length: 4:47
Show
View Real Time Build Order
Export as new Build Order

Sorandom Zerg - Winner!

Build Orders: Pool First 

Get SALT Encoding   

  12  0:03  Drone  
  13  0:13  Overlord  
  13  0:18  Drone  
  14  0:31  Drone x2  
  17  0:35  Drone  
  17  0:50  Spawning Pool  
  16  1:12  Hatchery  
  16  1:14  Extractor  
  16  1:17  Drone  
  16  1:18  Drone  
  16  1:25  Drone  
  17  1:31  Drone  
  18  1:39  Queen  
  20  1:44  Zergling x2  
  21  1:52  Overlord  
  21  2:06  Drone  
  22  2:14  Queen  
  22  2:15  Metabolic Boost  
  24  2:21  Drone  
  25  2:23  Drone  
  26  2:37  Drone x3  
  26  2:43  Queen  
  31  2:47  Drone  
  32  2:53  Zergling x2  
  33  2:59  Zergling x6  
  36  3:12  Drone  
  36  3:33  Overlord x2  
  36  3:34  Overlord x3  
  36  3:42  Overlord  
  35  3:55  Zergling x14  
  42  4:07  Zergling x2  
  42  4:08  Zergling x2  
  44  4:21  Zergling x8  
  48  4:27  Zergling x2, Hatchery  
Show
View Real Time Build Order
Export as new Build Order

Xeno Protoss 

Build Orders: 1 Gate Expand 

Get SALT Encoding   

  12  0:00  Probe  
  13  0:13  Probe  
  14  0:20  Pylon  
  14  0:25  Probe  
  15  0:36  Probe  
  15  0:38  Gateway  
  16  0:45  Probe  
  17  0:54  Assimilator  
  17  0:55  Probe  
  18  1:26  Nexus  
  18  1:35  Cybernetics Core  
  18  1:38  Probe  
  19  1:45  Assimilator  
  19  1:50  Probe  
  20  1:57  Pylon  
  20  2:01  Adept  
  20  2:02  Probe  
  23  2:15  Probe  
  24  2:28  Probe  
  25  2:30  Robotics Facility  
  25  2:34  Warp Gate  
  25  2:36  Probe  
  24  2:37  Probe  
  24  2:38  Stalker  
  28  2:46  Probe x2  
  30  3:12  Probe x2  
  32  3:18  Warp Prism  
  32  3:19  Pylon  
  34  3:32  Gateway  
  34  3:39  Pylon  
  34  3:40  Gateway  
  36  3:56  Sentry  
  33  4:36  Adept x2  
Tags
 
Add a new tag
Caveats
  • Supply blocks, unpowered buildings, or Contaminate may cause inaccurate times.
  • Supply counts are checked every 10 seconds.